 Dungeon Crawl Stone Soup version 0.24-a0-284-g9fb9971 (webtiles) character file.

Game seed: 17377235499188737216

37 theanonym the Chopper (level 3, 0/31 HPs)
             Began as a Minotaur Warper on May 6, 2019.
             Slain by a dart slug (1 damage)
             ... on level 2 of the Dungeon.
             The game lasted 00:00:47 (489 turns).

theanonym the Chopper (Minotaur Warper)              Turns: 489, Time: 00:00:48

Health: 0/31       AC:  3    Str: 21    XL:     3   Next: 23%
Magic:  4/4        EV: 12    Int: 10    God:
Gold:   84         SH:  0    Dex:  9    Spells: 4/4 levels left

rFire    . . .     SeeInvis .   a - +0 hand axe
rCold    . . .     Gourm    .   (no shield)
rNeg     . . .     Faith    .   b - +0 leather armour
rPois    .         Spirit   .   (helmet restricted)
rElec    .         Reflect  .   (no cloak)
rCorr    .         Harm     .   (no gloves)
MR       .....                  (no boots)
Stlth    +.........             (no amulet)
HPRegen  0.10/turn              (no ring)
MPRegen  0.09/turn              (no ring)

@: mighty, lethally poisoned (0 -> -5), slowed, very slow
A: retaliatory headbutt, horns 2
a: no special abilities


Innate Abilities, Weirdness & Mutations

You reflexively headbutt those who attack you in melee.
You have a pair of horns on your head.


   Skills:
 + Level 3.2 Fighting
 * Level 4.0 Axes
 - Level 1.0 Throwing
 - Level 1.2 Armour
 - Level 2.1 Dodging
 - Level 1.3 Spellcasting
   Level 2.1 Translocations


You had 4 spell levels left.
You didn't know any spells.
Your spell library contained the following spells:

 Spells                   Type           Power        Failure   Level  Hunger
 Blink                    Tloc           N/A          24%         2    ###....
 Shroud of Golubria       Chrm/Tloc      #.........   36%         2    ###....
 Gell's Gravitas          Tloc           #.........   43%         3    ####...
 Lesser Beckoning         Tloc           #.........   43%         3    ####...
 Teleport Other           Tloc           #.......     43%         3    ####...
 Passage of Golubria      Tloc           N/A          83%         4    #####..

Skill      XL: |  1  2  3 |
---------------+----------+-----
Axes           | 3 4 |  4.0
Fighting       | 3 |  3.2
Throwing       | |  1.0
Armour         | |  1.2
Dodging        | |  2.1
Spellcasting   | |  1.3
Translocations | |  2.1

Action                   || total
-------------------------++-------
Melee: Hand axe          ||    37
       Headbutt          ||     1
  Use: Potion            ||     2
Armor: Leather armour    ||    15
Dodge: Dodged            ||    33

Inventory:

Hand Weapons
 a - a +0 hand axe (weapon)
Missiles
 d - 7 tomahawks
 f - 5 tomahawks of dispersal (quivered)
Armour
 b - a +0 leather armour (worn)
Scrolls
 i - a scroll of immolation {unknown}
 B - 2 scrolls of blinking
Potions
 c - a potion of magic
Comestibles
 e - 2 rations
 g - a chunk of flesh


You were on level 2 of the Dungeon.
You were not hungry.

You visited 1 branch of the dungeon, and saw 2 of its levels.

You collected 84 gold pieces.

Dungeon Overview and Level Annotations

Branches:
Dungeon (2/15)

Altars:

Annotations:
D:2 Natasha

..... #........+
....+ ......
#........# ...#
...... #........# ...
...... #......$.# ...
.....##..).....#
........†......... .
.###..............
.!..###.†............
.%....S@.h.5......###
......w............#
...................+
......#............
......#...........
......####...###.
..... ...+ ..... ...#


You could see Natasha, a crimson imp, an adder and a dart slug.

Notes
Turn   | Place    | Note
-------+----------+-------------------------------------------
     0 | D:1      | theanonym the Minotaur Warper began the quest for the Orb.
     0 | D:1      | Reached XP level 1. HP: 18/18 MP: 1/1
   130 | D:1      | Reached skill level 3 in Axes
   158 | D:1      | Reached XP level 2. HP: 25/25 MP: 3/3
   472 | D:2      | Reached skill level 3 in Fighting
   479 | D:2      | Reached XP level 3. HP: 26/31 MP: 4/4
   480 | D:2      | Noticed Natasha
   482 | D:2      | Reached skill level 4 in Axes
   487 | D:2      | HP: 13/31 [adder (4)]
   487 | D:2      | HP: 5/31 [adder (2)]
   488 | D:2      | HP: 2/31 [dart slug/slug dart (4)]
   489 | D:2      | Slain by a dart slug

Vanquished Creatures
  2 adders (D:2)
  A leopard gecko (D:1)
  3 bats (D:1)
  5 goblins
  2 hobgoblins
  A kobold (D:1)
  2 frilled lizards (D:1)
  2 rats
18 creatures vanquished.

Table legend:
 A = Turns spent in this place as a percentage of turns spent in the entire game.
 B = Non-inter-level travel turns spent in this place as a percentage of non-inter-level travel turns spent in the entire game.
 C = Inter-level travel turns spent in this place as a percentage of turns spent in this place.
 D = Turns resting spent in this place as a percentage of non-inter-level travel turns spent in this place.
 E = Turns spent auto-exploring this place as a percentage of non-inter-level travel turns spent in this place.
 F = Non-inter-level travel turns spent in this place divided by the number of levels of this place that you've seen.
                   A       B       C       D       E      F
               +-------+-------+-------+-------+-------+----------------------
         Total | 100.0 | 100.0 |   4.3 |   0.0 |  82.7 | 234.0
       Dungeon | 100.0 | 100.0 |   4.3 |   0.0 |  82.7 | 234.0
               +-------+-------+-------+-------+-------+----------------------
